Map: Winter's Gate LE

Players

Kelazhur

  • Race: Terran Terran
  • League: Master
  • Spawn Location: 5:00

RlSky (RiSky) - Winner!

  • Race: Zerg Zerg
  • Spawn Location: 11:00

Event: NationWars 2019

VOD

Have the link to the VOD?

Description

Time

  • Played on: Oct. 12, 2019, 3:48 p.m.
  • Length: 10:29

All games in this series

Show
View Real Time Build Order
Export as new Build Order

Kelazhur Terran 

Build Orders: Liberator Opening, Reaper Expand, Mech 

Get SALT Encoding   

  12  0:00  SCV  
  13  0:13  SCV  
  14  0:17  Supply Depot  
  14  0:25  SCV  
  15  0:38  SCV  
  15  0:39  Barracks  
  16  0:43  Refinery  
  16  0:50  SCV  
  17  1:02  SCV  
  18  1:14  SCV  
  19  1:26  Orbital Command, Reaper  
  20  1:38  Command Center  
  20  1:45  Refinery  
  20  1:51  Supply Depot  
  20  1:54  SCV  
  20  1:58  Reaper  
  22  2:06  SCV  
  23  2:15  Factory  
  23  2:18  SCV  
  24  2:30  SCV  
  24  2:31  Barracks Reactor  
  25  2:42  SCV  
  26  2:51  Orbital Command  
  26  2:55  SCV  
  27  3:00  Starport  
  27  3:01  Hellion  
  29  3:07  SCV, Marine  
  29  3:08  Marine  
  32  3:20  SCV  
  32  3:25  SCV  
  34  3:27  Supply Depot  
  34  3:33  Hellion  
  34  3:34  Hellion  
  38  3:36  SCV  
  39  3:42  Medivac  
  39  3:44  SCV  
  39  3:46  Armory  
  42  3:49  SCV  
  42  3:50  Supply Depot  
  42  3:54  Hellion  
  42  3:55  Hellion  
  47  3:56  SCV  
  47  3:57  Liberator  
  47  4:01  SCV  
  49  4:08  SCV  
  50  4:13  SCV  
  50  4:15  Hellion  
  50  4:16  Hellion  
  50  4:17  Supply Depot  
  58  4:20  SCV  
  59  4:25  SCV  
  60  4:32  SCV  
  60  4:33  Command Center  
  61  4:38  SCV  
  61  4:39  Hellion x2  
  66  4:47  SCV  
  66  4:50  SCV  
  68  4:56  Supply Depot  
  68  4:59  SCV  
  69  5:03  SCV  
  70  5:13  Refinery x2  
  70  5:15  Factory  
  70  5:16  Factory  
  70  5:17  Supply Depot  
  70  5:18  SCV x2, Hellion x2  
  70  5:19  Supply Depot  
  76  5:21  Terran Vehicle Weapons Level 1  
  76  5:30  SCV x2  
  78  5:39  Hellion x2  
  82  5:47  SCV  
  76  5:52  Orbital Command  
  76  5:54  SCV  
  77  6:02  Hellion  
  77  6:03  Factory Tech Lab, Hellion  
  77  6:04  Factory Tech Lab, Starport Reactor  
  79  6:05  SCV  
  74  6:12  SCV  
  74  6:16  Orbital Command  
  74  6:17  SCV, Hellion x3  
  71  6:24  Thor, Armory, Hellion x2  
  71  6:25  Engineering Bay, Refinery  
  81  6:27  Thor  
  81  6:29  SCV  
  81  6:32  SCV  
  89  6:35  Refinery  
  89  6:36  Supply Depot  
  89  6:41  SCV  
  89  6:43  Medivac x2  
  89  6:45  SCV  
  89  6:46  Hellion  
  97  6:53  SCV x2  
  99  6:57  SCV  
  100  7:05  Supply Depot  
  100  7:06  SCV x2  
  102  7:09  SCV  
  102  7:10  Hellion x2  
  107  7:18  SCV x2  
  107  7:21  Liberator, Siege Tank x2  
  115  7:23  SCV  
  115  7:25  Factory  
  115  7:26  Factory  
  112  7:30  SCV  
  112  7:32  SCV  
  112  7:34  Infernal Pre-Igniter, Hellion  
  112  7:35  Hellion  
  105  7:41  Command Center  
  105  7:42  SCV  
  109  7:44  Supply Depot  
  109  7:46  Terran Vehicle Weapons Level 2  
  109  7:49  Terran Vehicle And Ship Armor Level 1  
  109  7:57  Hellion x2  
  109  7:58  SCV  
  110  8:00  Siege Tank, Hellion x2  
  117  8:07  Siege Tank  
  117  8:12  Supply Depot  
  120  8:14  Factory Tech Lab, Factory Reactor  
  120  8:22  Hellion x2  
  124  8:32  Siege Tank  
  127  8:39  Siege Tank  
  130  8:44  Siege Tank, Hellion x2  
  135  8:57  SCV  
  135  8:58  SCV x2  
  135  9:01  Supply Depot  
  136  9:05  Siege Tank, Refinery  
  136  9:07  Refinery, Hellion x3  
  136  9:08  Hellion  
  136  9:09  SCV  
  133  9:10  SCV  
  130  9:20  Liberator x2  
  130  9:23  Siege Tank x2  
  130  9:35  Hellion x3  
  130  9:37  Siege Tank  
  110  9:47  SCV  
  110  9:52  Hellion  
  87  9:55  Hellion x2  
  92  10:00  Hellion x3  
Show
View Real Time Build Order
Export as new Build Order

RlSky Zerg - Winner!

Build Orders: Hatch First 

Get SALT Encoding   

  12  0:00  Drone  
  13  0:12  Overlord  
  13  0:17  Drone  
  14  0:30  Drone x2  
  16  0:47  Hatchery  
  15  0:50  Drone  
  15  0:54  Drone  
  17  0:57  Drone  
  18  1:08  Extractor  
  17  1:13  Spawning Pool  
  17  1:15  Drone  
  17  1:19  Drone  
  18  1:27  Drone  
  19  1:38  Drone  
  20  1:48  Overlord  
  20  1:59  Queen x2  
  20  2:00  Zergling x4  
  26  2:13  Drone x2  
  28  2:24  Hatchery  
  28  2:28  Drone  
  28  2:32  Drone  
  28  2:35  Pneumatized Carapace  
  28  2:42  Spore Crawler  
  26  2:46  Drone  
  26  2:49  Metabolic Boost  
  28  2:52  Overlord  
  28  2:55  Zergling x4  
  30  3:00  Queen  
  32  3:07  Drone x2  
  32  3:10  Drone x2  
  36  3:17  Drone  
  37  3:22  Drone  
  37  3:23  Overlord  
  38  3:27  Drone  
  38  3:28  Drone  
  38  3:32  Queen  
  38  3:33  Zergling x2  
  43  3:36  Queen  
  43  3:41  Overlord  
  45  3:43  Drone  
  45  3:47  Queen  
  48  3:49  Drone  
  48  3:54  Overlord  
  48  3:55  Drone  
  50  4:00  Drone x2  
  52  4:03  Drone x2  
  52  4:05  Drone  
  52  4:09  Drone  
  56  4:10  Drone x2  
  56  4:11  Queen  
  60  4:18  Lair  
  60  4:21  Overlord  
  60  4:22  Drone x2  
  62  4:26  Zergling x4  
  62  4:29  Drone  
  65  4:31  Overlord  
  65  4:34  Drone  
  65  4:36  Spore Crawler  
  65  4:37  Drone  
  66  4:40  Baneling Nest  
  66  4:42  Drone x2  
  66  4:44  Queen  
  69  4:47  Zergling x4  
  69  4:51  Drone  
  69  4:52  Drone  
  73  4:55  Overlord  
  73  4:57  Drone  
  73  4:58  Drone x3, Extractor  
  73  4:59  Extractor  
  75  5:00  Drone  
  75  5:02  Overlord  
  75  5:05  Drone  
  77  5:07  Drone  
  77  5:10  Drone  
  77  5:13  Drone  
  80  5:17  Drone  
  80  5:18  Drone  
  80  5:19  Drone  
  80  5:20  Zergling x4  
  85  5:22  Zergling x4  
  85  5:24  Hatchery  
  85  5:27  Zergling x4  
  85  5:28  Zergling x2  
  89  5:32  Zergling x8  
  89  5:34  Queen  
  96  5:42  Zergling x2  
  97  5:47  Queen  
  92  5:51  Drone  
  92  5:53  Drone  
  92  5:55  Drone x4  
  93  6:00  Drone x3  
  93  6:02  Drone  
  87  6:05  Drone, Centrifical Hooks  
  87  6:06  Drone x2  
  87  6:08  Evolution Chamber  
  87  6:10  Drone, Evolution Chamber  
  88  6:13  Zergling x2, Queen  
  88  6:18  Zergling x4  
  93  6:24  Zergling x2  
  94  6:28  Drone, Extractor  
  94  6:29  Extractor  
  94  6:32  Hatchery  
  92  6:34  Zergling x2  
  92  6:38  Zergling x6  
  94  6:40  Overlord  
  94  6:41  Zerg Melee Weapons Level 1, Zerg Ground Armor Level 1  
  95  6:47  Drone x2, Hydralisk Den, Extractor  
  95  6:50  Drone  
  95  6:52  Drone x2  
  97  6:56  Drone x2  
  97  6:58  Overlord  
  97  7:01  Overlord  
  99  7:03  Zergling x10  
  99  7:05  Baneling x2  
  102  7:09  Overlord  
  102  7:10  Overlord  
  102  7:14  Overlord  
  101  7:16  Overlord  
  101  7:18  Overlord  
  101  7:21  Drone  
  101  7:24  Overlord  
  101  7:31  Drone x2  
  101  7:32  Drone x2  
  101  7:33  Muscular Augments  
  101  7:35  Infestation Pit  
  101  7:37  Drone  
  101  7:38  Drone x4  
  101  7:39  Drone x2  
  109  7:44  Overlord  
  109  7:48  Hydralisk x4  
  117  7:51  Queen  
  117  7:54  Hydralisk x4  
  126  7:59  Extractor  
  126  8:02  Hydralisk x3  
  126  8:05  Hydralisk x2  
  133  8:09  Hydralisk x2  
  133  8:12  Hydralisk x3  
  139  8:14  Hydralisk x2  
  139  8:17  Zergling x4, Overlord  
  139  8:19  Hydralisk x2  
  153  8:22  Hydralisk  
  153  8:25  Hydralisk  
  157  8:29  Zergling x4  
  157  8:31  Zergling x2  
  157  8:32  Zergling x8  
  163  8:34  Zergling x2  
  163  8:37  Zergling x2  
  163  8:38  Hydralisk x2  
  168  8:42  Hydralisk x2  
  168  8:44  Grooved Spines  
  168  8:45  Zergling x2  
  168  8:46  Zergling x12  
  177  8:53  Zergling x4  
  177  8:56  Zergling x4  
  177  8:57  Zergling x2  
  177  9:02  Hydralisk x2  
  166  9:11  Hydralisk  
  166  9:12  Hydralisk x2  
  166  9:13  Zergling x2  
  171  9:19  Overlord  
  165  9:24  Zergling x2  
  165  9:25  Zergling x16  
  169  9:33  Baneling  
  169  9:35  Hydralisk  
  157  9:39  Hydralisk  
  157  9:40  Hydralisk x6  
  157  9:44  Hydralisk  
  149  9:47  Hydralisk x2  
  149  9:49  Zergling x2  
  151  9:55  Infestation Pit, Hydralisk x2  
  151  9:58  Zergling x4  
  154  10:03  Drone  
  153  10:23  Hatchery  
Tags
 
Add a new tag
Caveats
  • Supply blocks, unpowered buildings, or Contaminate may cause inaccurate times.
  • Supply counts are checked every 10 seconds.